 Dungeon Crawl Stone Soup version 0.28.0-45-g0d030f2227 (webtiles) character file.

Game seed: 1465339537819382367

1638 pkoi the Insei (level 8, -1/59 HPs)
             Began as a Demigod Artificer on Apr 18, 2022.
             Slain by Menkaure (10 damage)
             ... on level 5 of the Dungeon.
             The game lasted 00:15:39 (9581 turns).

pkoi the Insei (Demigod Artificer)                  Turns: 9581, Time: 00:15:40

Health: -1/59      AC: 11    Str: 13    XL:     8   Next: 39%
Magic:  10/10      EV: 10    Int: 21    God:
Gold:   272        SH:  0    Dex: 14    Spells: 7/7 levels left

rFire   . . .      SeeInvis .   h - +1 whip (flame)
rCold   . . .      Faith    .   (no shield)
rNeg    . . .      Spirit   .   p - +4 ring mail
rPois   +          Reflect  .   n - +0 helmet
rElec   .          Harm     .   (no cloak)
rCorr   .          Rampage  .   (no gloves)
Will    .....                   A - +0 pair of boots
Stlth   +.........              (no amulet)
HPRegen 0.19/turn               j - ring of flight
MPRegen 0.12/turn               B - ring of poison resistance

@: flying
A: high MP 1, forlorn, divine attributes
a: no special abilities


You were on level 5 of the Dungeon.
You visited 1 branch of the dungeon, and saw 6 of its levels.

You collected 272 gold pieces.

Inventory:

Hand Weapons
 a - a +0 club
 h - a +1 whip of flaming (weapon)
 v - a +2 vorpal war axe
 y - a +2 dagger of venom
Missiles
 f - 3 javelins
 t - 6 datura-tipped darts
 x - 8 poisoned darts
Armour
 n - a +0 helmet (worn)
 p - a +4 ring mail (worn)
 A - a +0 pair of boots (worn)
Jewellery
 d - a ring of see invisible
 j - a ring of flight (left hand)
 B - a ring of poison resistance (right hand)
Wands
 c - a wand of flame (7) (quivered)
Scrolls
 g - 7 scrolls of teleportation
 k - 2 scrolls of fog
 l - a scroll of fear
 s - 3 scrolls of amnesia
Potions
 b - a potion of might
 i - a potion of ambrosia
 m - a potion of brilliance
 q - 5 potions of heal wounds
 r - 2 potions of cancellation
 u - 2 potions of magic
 w - 2 potions of resistance {unknown}
 z - 3 potions of curing
Miscellaneous
 e - a piece from Xom's chessboard (15/15)


   Skills:
 - Level 1.0 Fighting
 - Level 1.8 Armour
 - Level 1.0 Dodging
 - Level 1.0 Stealth
 * Level 7.5 Unarmed Combat
 + Level 7.1 Evocations


You had 7 spell levels left.
You didn't know any spells.
Your spell library was empty.

Dungeon Overview and Level Annotations

Branches:
Dungeon (6/15)             Temple (0/1) D:5

Shops:
D:2 [:

Annotations:
D:2 1 runed translucent door, Crazy Yiuf
D:5 Menkaure
D:6 Eustachio


Innate Abilities, Weirdness & Mutations

You have an increased reservoir of magic. (+10% MP)
You shall have no god before yourself.
Your divine heritage dramatically boosts your attributes as you level up.


Message History

There is a stone staircase leading up here.
Unknown command.
Your +2 dagger of venom begins to drip with poison!
y - a +2 dagger of venom (weapon)
Menkaure, Prince of Dust comes into view.
Menkaure shouts!
Menkaure casts a spell.
Menkaure seems to speed up.
The orc priest invokes the aid of Beogh against you.
Beogh smites you!
* * * LOW HITPOINT WARNING * * *
You hear a shout!
There is a stone staircase leading up here.
You fly upwards.
There is a stone staircase leading down here.
You start resting.
HP restored.
You fly downwards.
Level annotation: Menkaure Eustachio the Magnificent comes into view.
He is wielding a +0 falchion.
Menkaure whispers, "Let me perform the rites..."
Menkaure hits you!
There is a stone staircase leading up here.
Menkaure barely misses you.
You fly upwards.
There is a stone staircase leading down here.
Your +2 dagger of venom stops dripping with poison.
Your +1 whip of flaming bursts into flame!
h - a +1 whip of flaming (weapon)
You hit Menkaure but do no damage.
Menkaure casts a spell.
Menkaure seems to speed up.
You barely miss Menkaure. Menkaure hits you!
* * * LOW HITPOINT WARNING * * *
You hit Menkaure but do no damage. Menkaure hits you!
* * * LOW HITPOINT WARNING * * *
Menkaure hits you!
* * * LOW HITPOINT WARNING * * *
You barely miss Menkaure. Menkaure hits you!
You die...

#..........#....#.#####
#.<...#.##.#.##.#..#
......#............##
....#....##.#.#.#...#
#...#.##....#.#.#..##
#..................#
..##..#.....####.###
..###.....### #.M##
....###.### #.@.# ...##
### #..## #### ####


You could see Menkaure (fast).

Vanquished Creatures
  Sigmund (D:6)
  A sky beast (D:5)
  2 orc warriors (D:6)
  2 ogres (D:5)
  A centaur (D:5)
  A phantom (D:5)
  A water moccasin zombie (D:5)
  A water moccasin skeleton (D:5)
  2 centaur zombies (D:5)
  A bullfrog skeleton (D:5)
  4 orc priests (D:6)
  A gnoll shaman (D:4)
  3 jellies (D:5)
  Jessica (D:2)
  3 iguanas
  A killer bee zombie (D:5)
  A hound skeleton (D:4)
  4 gnolls
  9 adders
  A river rat (D:3)
  A shadow imp (D:6)
  An ufetubus (D:6)
  An adder skeleton (D:5)
  A worm (D:3)
  3 dart slugs
  6 orcs
  8 ball pythons
  7 endoplasms
  5 giant cockroaches
  4 goblins
  10 hobgoblins
  3 jackals (D:3)
  4 kobolds (D:1)
  5 quokkas
  3 bats
  A frilled lizard (D:2)
  9 rats
113 creatures vanquished.

Vanquished Creatures (collateral kills)
  A howler monkey zombie (D:4)
  5 gnolls
  4 giant cockroaches
  2 goblins
  A quokka (D:1)
  A ball python (D:3)
  3 rats
17 creatures vanquished.

Vanquished Creatures (others)
  An orc priest (D:3)
  An adder (D:3)
  2 gnolls
  2 orcs (D:3)
  A kobold (D:1)
  3 fungi (D:1)
  4 plants
14 creatures vanquished.

Grand Total: 144 creatures vanquished

Notes
Turn   | Place    | Note
-------+----------+-------------------------------------------
     0 | D:1      | pkoi the Demigod Artificer began the quest for the Orb.
     0 | D:1      | Reached XP level 1. HP: 15/15 MP: 3/3
    29 | D:1      | Reached skill level 1 in Fighting
    29 | D:1      | Reached skill level 1 in Dodging
    29 | D:1      | Reached skill level 1 in Stealth
   285 | D:1      | Reached XP level 2. HP: 23/23 MP: 4/4
   399 | D:1      | Reached skill level 1 in Unarmed Combat
   997 | D:1      | Reached XP level 3. HP: 28/28 MP: 5/5
  1432 | D:2      | Noticed Jessica
  1455 | D:2      | Killed Jessica
  1547 | D:2      | Found Zallup's Antique Armour Emporium.
  1686 | D:2      | Reached XP level 4. HP: 22/35 MP: 6/6
  1916 | D:2      | Found Duess's Book Emporium.
  2282 | D:2      | Found a runed translucent door.
  2283 | D:2      | Noticed Crazy Yiuf
  2951 | D:3      | Reached XP level 5. HP: 35/40 MP: 7/7
  4748 | D:4      | Reached skill level 5 in Evocations
  5101 | D:4      | Reached XP level 6. HP: 45/47 MP: 8/8
  5725 | D:5      | Entered Level 5 of the Dungeon
  6594 | D:5      | Reached XP level 7. HP: 52/52 MP: 9/9
  6605 | D:5      | Found a staircase to the Ecumenical Temple.
  6662 | D:5      | Reached skill level 5 in Unarmed Combat
  8685 | D:6      | Reached XP level 8. HP: 56/59 MP: 10/10
  8970 | D:6      | Noticed Sigmund
  8985 | D:6      | Killed Sigmund
  9508 | D:6      | Noticed Menkaure
  9574 | D:6      | Noticed Eustachio
  9581 | D:5      | Slain by Menkaure

Illustrated notes

Levels and vault maps discovered:
D:1:      dpeg_arrival_stonehenge_8_columns, layout_basic,
          dreamdust_ecumenical_altar_grove
D:2:      minmay_thinvault, layout_basic, serial_shops,
          nicolae_shop_hallway_stairs, nicolae_shop_hallway_stairs,
          uniq_crazy_yiuf_cottage, uniq_jessica
D:3:      layout_rooms, portal_sewer_entry_c, chequers_serial_rivers_small_a
D:4:      layout_loops_corners
D:5:      layout_cave_pools, kennysheep_slug_shrine, minmay_temple_entry_ruins,
          serial_bayou_pond_b, water_maze_lemuel
D:6:      layout_basic, uniq_sigmund, uniq_prince_ribbit1, uniq_menkaure,
          uniq_eustachio

Skill      XL: |  1  2  3  4  5  6  7  8 |
---------------+-------------------------+-----
Fighting       | 1 |  1.0
Dodging        | 1 |  1.0
Stealth        | 1 |  1.0
Evocations     | 3 4 5 6 7 |  7.1
Unarmed Combat | 1 2 3 4 6 7 |  7.5
Armour         | |  1.8

Action                   |  1- 3 |  4- 6 |  7- 9 || total
-------------------------+-------+-------+-------++-------
Melee: Club              |    40 |       |       ||    40
       Whip              |    78 |   298 |    92 ||   468
       Punch             |     2 |     5 |    16 ||    23
       Unarmed           |       |       |    20 ||    20
       Dagger            |       |       |    56 ||    56
Evoke: Wand              |     5 |    19 |     2 ||    26
       Piece from Xom's  |       |     1 |     1 ||     2
  Use: Scroll            |     4 |    10 |     2 ||    16
       Potion            |       |       |     1 ||     1
 Stab: Distracted        |     1 |       |       ||     1
       Sleeping          |     1 |     1 |     1 ||     3
       Petrified         |       |    13 |       ||    13
       Petrifying        |       |     2 |       ||     2
Armor: Leather armour    |    41 |       |       ||    41
       Ring mail         |       |   133 |    97 ||   230
Dodge: Dodged            |    95 |   160 |   106 ||   361
